 Dungeon Crawl Stone Soup version 0.19.0-2-gae57169 (webtiles) character file.

161 Letos the Slasher (level 5, 0/41 HPs)
             Began as a Formicid Fighter on Nov 3, 2016.
             Slain by roj's ghost (10 damage)
             ... on level 3 of the Dungeon.
             The game lasted 00:02:09 (1607 turns).

Letos the Slasher (Formicid Fighter)                Turns: 1607, Time: 00:02:10

Health: 0/41       AC:  6    Str: 26    XL:     5   Next: 70%
Magic:  5/5        EV:  8    Int:  8    God:
Gold:   89         SH: 10    Dex: 10    Spells: 0 memorised, 4 levels left

rFire  . . .     SeeInvis +     a - +0 long sword
rCold  . . .     Gourm    .     b - +0 scale mail
rNeg   . . .     Faith    +     c - +0 shield
rPois  .         Spirit   .     (helmet unavailable)
rElec  .         Reflect  .     (no cloak)
rCorr  .         Harm     .     (no gloves)
MR     .....                    (no boots)
Stlth  ..........               j - amulet of faith
                                (no ring)
                                (no ring)

@: mighty
A: permanent stasis, dig shafts and tunnels, four strong arms, antennae 3
a: Dig, Shaft Self


You were on level 3 of the Dungeon.
You were not hungry.

You visited 1 branch of the dungeon, and saw 3 of its levels.

You collected 89 gold pieces.

Inventory:

Hand Weapons
 a - a +0 long sword (weapon)
Armour
 b - a +0 scale mail (worn)
 c - a +0 shield (worn)
Jewellery
 j - an amulet of faith (around neck)
Scrolls
 e - 3 scrolls of immolation {unknown}
 h - a scroll of noise {unknown}
 i - 2 scrolls of remove curse {unknown}
 p - a scroll of identify {unknown}
Potions
 g - 2 potions of flight {unknown}
 n - a potion of degeneration {unknown}
 o - a potion of agility {unknown}
Comestibles
 f - 2 bread rations
 k - a meat ration
 m - a slice of pizza


   Skills:
 - Level 3.2 Fighting
 * Level 5.4 Long Blades
 - Level 3.2 Armour
 - Level 3.6 Shields


You had 4 spell levels left.
You didn't know any spells.

Dungeon Overview and Level Annotations

Branches:
Dungeon (3/15)

Altars:

Annotations:
D:3 roj's ghost, amateur MiFi


Innate Abilities, Weirdness & Mutations

You are under a permanent stasis effect.
You can dig through walls and to a lower floor.
Your four strong arms can wield two-handed weapons with a shield.
You have a pair of large antennae on your head. (SInv)


Message History

The ball python constricts you.
You barely miss the ball python.
The ball python is severely wounded.
Roj's ghost hits you. The ball python barely misses you.
The ball python constricts you. You block the ooze's attack.
Roj's ghost hits you!
* * * LOW HITPOINT WARNING * * *
You are too injured to fight recklessly!
You are too injured to fight recklessly!
Unknown command.
You slash the ball python!
You kill the ball python!
The ooze hits you but does no damage. You block roj's ghost's attack.
The ooze hits you.
* * * LOW HITPOINT WARNING * * *
You slash roj's ghost!
Roj's ghost is heavily damaged.
Roj's ghost whispers, "You will understand me better in a moment."
Roj's ghost hits you!
You die...

.........(.)..#
................
#..............
.##............
.............#
#...........#
......W...<.##..
......J@........
.......(..###.#
...#..#†)[# .
#..#.......
......##.##$.#
....... .. ...
..##... ... ##
## ##.. .>%. #..
....#


You could see roj's ghost and an ooze.

Vanquished Creatures
  Ijyb (D:2)
  3 adders
  3 oozes
  3 worms (D:2)
  A dart slug (D:2)
  A leopard gecko (D:2)
  An orc (D:3)
  2 ball pythons
  4 bats
  A giant cockroach (D:2)
  10 goblins
  4 hobgoblins (D:2)
  14 jackals
  10 kobolds
  A quokka (D:2)
  6 frilled lizards
  20 rats
85 creatures vanquished.

Notes
Turn   | Place    | Note
-------+----------+-------------------------------------------
     0 | D:1      | Letos the Formicid Fighter began the quest for the Orb.
     0 | D:1      | Reached XP level 1. HP: 18/18 MP: 1/1
    35 | D:1      | Reached XP level 2. HP: 21/24 MP: 2/2
    82 | D:1      | Reached skill level 3 in Long Blades
   242 | D:1      | Reached XP level 3. HP: 21/29 MP: 3/3
   536 | D:2      | Noticed Ijyb
   552 | D:2      | Killed Ijyb
   552 | D:2      | Reached skill level 4 in Long Blades
   552 | D:2      | Reached XP level 4. HP: 25/35 MP: 4/4
   955 | D:2      | Reached XP level 5. HP: 35/41 MP: 5/5
  1218 | D:2      | Reached skill level 5 in Long Blades
  1262 | D:2      | Found a faded altar of an unknown god.
  1544 | D:3      | Noticed roj's ghost (amateur MiFi)
  1607 | D:3      | Slain by roj's ghost

Skill      XL: |  1  2  3  4  5 |
---------------+----------------+-----
Long Blades    | 3 4 5 |  5.4
Fighting       | |  3.2
Armour         | |  3.2
Shields        | |  3.6

Action                   |  1- 3 |  4- 6 || total
-------------------------+-------+-------++-------
Melee: Long sword        |    96 |   162 ||   258
 Abil: Dig               |       |     3 ||     3
  Use: Potion            |       |     1 ||     1
  Eat: Chunk             |       |     3 ||     3
Armor: Scale mail        |    57 |    78 ||   135
Dodge: Dodged            |    31 |    56 ||    87
Block: Shield            |    57 |   110 ||   167
       Rpst.: Long sword |     6 |    16 ||    22
